Map: Kairos Junction LE

Players

Zanarcane - Winner!

  • Race: Terran Terran
  • Spawn Location: 5:00

A.I. 1 (Very Easy)

  • Race: Protoss Protoss
  • Spawn Location: 11:00

VOD

Have the link to the VOD?

Description

Time

  • Played on: Dec. 2, 2019, 12:10 p.m.
  • Length: 11:32
Show
View Real Time Build Order
Export as new Build Order

Zanarcane Terran - Winner!

Build Orders: Liberator Opening, Reaper Expand 

Get SALT Encoding   

  12  0:01  SCV  
  13  0:13  SCV  
  14  0:17  Supply Depot  
  14  0:25  SCV  
  15  0:39  SCV  
  15  0:41  Barracks  
  16  0:45  Refinery  
  16  0:51  SCV  
  17  1:03  SCV  
  18  1:15  SCV  
  19  1:27  Orbital Command  
  19  1:28  Reaper  
  20  1:43  Command Center  
  20  1:53  SCV  
  21  1:56  Supply Depot  
  21  2:00  Marine  
  22  2:06  SCV  
  23  2:18  SCV  
  23  2:20  Factory  
  24  2:25  Refinery  
  24  2:28  Barracks Reactor  
  24  2:30  SCV  
  25  2:41  Bunker  
  25  2:42  SCV  
  26  2:54  SCV  
  26  2:58  Orbital Command  
  27  3:04  Marine x2  
  29  3:06  SCV  
  29  3:07  Factory Tech Lab  
  29  3:09  Starport  
  30  3:16  Supply Depot  
  30  3:18  SCV  
  31  3:24  SCV  
  32  3:27  Marine  
  32  3:28  Marine  
  32  3:29  Siege Tank  
  32  3:32  SCV, Liberator  
  38  3:36  SCV  
  39  3:42  Supply Depot  
  39  3:45  SCV  
  39  3:46  Marine  
  41  3:48  Marine  
  41  3:53  SCV  
  46  3:57  SCV  
  47  4:05  SCV  
  47  4:08  Marine x2, Barracks  
  47  4:09  SCV  
  51  4:13  Siege Tank  
  54  4:17  SCV  
  54  4:21  SCV  
  54  4:22  Supply Depot  
  56  4:28  Marine x2  
  56  4:29  SCV  
  59  4:33  SCV  
  59  4:35  Starport Tech Lab  
  60  4:41  SCV  
  60  4:45  Supply Depot, SCV  
  62  4:48  Command Center  
  62  4:49  Marine x2  
  64  4:53  SCV  
  64  4:54  Refinery  
  64  4:55  Refinery  
  64  4:56  Raven  
  64  4:57  SCV  
  68  5:09  Engineering Bay, Factory Tech Lab  
  68  5:11  Marine x2  
  67  5:14  Engineering Bay  
  67  5:15  SCV x2  
  69  5:25  Supply Depot  
  69  5:27  Supply Depot, SCV x2  
  71  5:31  Marauder  
  71  5:33  Stimpack  
  73  5:37  Marine x2  
  73  5:42  Terran Infantry Weapons Level 1, Terran Infantry Armor Level 1  
  74  5:50  SCV x2  
  74  5:54  Starport Reactor, Marine x2  
  80  5:57  Marauder  
  80  6:00  Siege Tank  
  80  6:02  SCV x2  
  80  6:03  Supply Depot  
  85  6:07  Supply Depot  
  83  6:14  SCV x2, Marine x2  
  88  6:21  Marauder  
  89  6:26  SCV x2  
  89  6:32  Barracks x2  
  91  6:34  Marine x2  
  91  6:36  Barracks  
  91  6:38  SCV x2  
  95  6:44  Marauder  
  95  6:45  Medivac x2  
  101  6:50  Siege Tank  
  101  6:53  Marine x2  
  106  6:56  SCV x2  
  108  7:05  Orbital Command  
  108  7:07  Marauder  
  108  7:08  SCV x2  
  112  7:11  Marine x2  
  114  7:20  Medivac x2, SCV x2  
  114  7:22  Supply Depot  
  120  7:24  Supply Depot  
  120  7:29  Refinery x2, Marauder x2  
  124  7:31  Barracks Reactor x2  
  124  7:36  Armory, SCV  
  125  7:41  Supply Depot  
  125  7:42  Supply Depot  
  125  7:43  Marine x2  
  125  7:44  SCV x2  
  129  7:45  Siege Tank  
  129  7:48  SCV  
  129  7:50  Liberator x2  
  133  7:52  Marauder  
  133  7:54  Marauder  
  133  7:55  Ghost Academy  
  133  7:56  SCV x2  
  139  8:06  Marine x2  
  139  8:10  Missile Turret  
  139  8:12  Missile Turret  
  147  8:14  Missile Turret  
  147  8:21  Marine  
  147  8:22  Marine x3  
  147  8:23  Marauder x2  
  155  8:27  Supply Depot, Marine x2  
  155  8:28  Supply Depot  
  155  8:32  Supply Depot, Terran Infantry Weapons Level 2  
  155  8:34  Supply Depot  
  157  8:38  Terran Infantry Armor Level 2  
  157  8:42  Combat Shield  
  157  8:49  Siege Tank, SCV x3  
  157  8:52  Marine x4  
  157  8:53  Supply Depot x2, Marine x2  
  169  8:57  Ghost  
  169  9:00  Ghost, Liberator  
  169  9:01  SCV  
  174  9:14  Marine x2  
  174  9:15  Marine x4  
  183  9:25  Concussive Shells  
  183  9:26  Marine  
  183  9:28  Ghost  
  186  9:32  SCV  
  186  9:38  Marine x6  
  189  9:43  Ghost, Siege Tank  
  198  9:48  Barracks  
  198  9:49  Starport  
  198  9:56  Marine x2  
  200  10:25  Command Center, Barracks x2  
  200  10:41  Fusion Core  
  200  10:44  Ghost Academy  
Show
View Real Time Build Order
Export as new Build Order

A.I. 1 (Very Easy) Protoss 

Build Orders:  

Get SALT Encoding   

  12  0:00  Probe  
  13  0:13  Probe  
  14  0:20  Pylon  
  14  0:37  Assimilator  
  14  0:42  Gateway  
  14  0:46  Pylon  
  14  1:13  Assimilator  
  14  1:17  Probe  
  14  1:25  Probe  
  15  1:32  Cybernetics Core  
  16  1:33  Probe  
  17  1:44  Probe  
  18  1:55  Probe  
  18  1:58  Warp Gate  
  19  2:03  Probe  
  20  2:11  Stalker  
  22  2:37  Pylon  
  22  2:41  Stalker  
  24  3:11  Zealot  
  26  4:40  Probe  
  26  5:35  Probe, Zealot  
  29  5:37  Robotics Facility  
  29  5:47  Probe  
  30  5:53  Pylon  
  30  5:59  Probe  
  31  6:10  Probe  
  26  6:18  Probe  
  28  6:25  Observer  
  28  6:31  Stalker  
  31  6:47  Observer  
  31  7:06  Nexus  
  31  7:28  Zealot  
  33  8:17  Probe  
  34  8:24  Probe  
  34  8:26  Assimilator  
  35  8:29  Probe, Assimilator  
  36  8:37  Probe  
  37  8:45  Observer  
  38  8:48  Probe  
  39  8:55  Probe  
  40  9:02  Probe  
  41  9:10  Probe  
  41  9:14  Probe  
  42  9:22  Probe  
  43  9:27  Probe  
  44  9:34  Probe  
  46  9:45  Probe  
  47  9:52  Probe  
  48  10:00  Probe  
  48  10:08  Zealot  
  44  10:23  Probe  
  33  10:31  Probe  
  33  10:32  Pylon  
  28  10:37  Stalker  
  28  10:39  Probe  
  28  10:49  Probe  
  4  11:05  Stalker  
Tags
 
Add a new tag
Caveats
  • Supply blocks, unpowered buildings, or Contaminate may cause inaccurate times.
  • Supply counts are checked every 10 seconds.